[Event "Team 45 45 League T62"]
[Site "Internet Chess Club"]
[Date "2014.09.26"]
[Round "5"]
[White "lacibacsi"]
[Black "Goli"]
[Result "1-0"]
[WhiteElo "2007"]
[BlackElo "1861"]
[Opening "Robatsch (modern) defense"]
[ECO "B06"]
[Time "16:07:23"]
[TimeControl "2700+45"]

1. e4 g6 2. d4 Bg7 3. Nc3 d6 4. Be3 Nf6 5. Qd2 O-O 6. f3 Nc6 7. O-O-O e5 8. Nge2
a6 9. g4 b5 10. h4 exd4 11. Nxd4 Ne5 12. Bh6 c5 13. Bxg7 Kxg7 14. Nf5+ gxf5 15.
gxf5 Kh8 16. Be2 b4 17. Na4 Bd7 18. Qxd6 Re8 19. Nb6 Rb8 20. Nc4 Qe7 21. Nxe5
Qxe5 22. Qxe5 Rxe5 23. Rd6 Nxe4 24. fxe4 Rxe4 25. Rxd7 Rxe2 26. Rxf7 Rg8 27. Rc7
Re5 28. Rf1 Rf8 29. f6 Re6 30. f7 Kg7 31. b3 Rf6 32. Rxf6 Kxf6 33. Rxc5 Kxf7 34.
Rf5+ Ke7 35. Rxf8 Kxf8 36. Kd2 Kf7 37. c3 bxc3+ 38. Kxc3 Kg6 39. b4 Kh5 40. a4
Kxh4 41. b5 axb5 42. axb5 h5 43. b6 Kg3 44. b7 h4 45. b8=Q+ Kg2 46. Qb7+ Kh2 47.
Qc7+ Kg2 48. Qc6+ Kh2 49. Qd6+ Kg2 50. Qd5+ Kh2 51. Qe5+ Kg2 52. Qe4+ Kg3 53.
Qh1 {Black resigns} 1-0

[Event "Team 45 45 League T62"]
[Site "Internet Chess Club"]
[Date "2014.09.27"]
[Round "5"]
[White "room-matt"]
[Black "Tobiasdelmonte"]
[Result "1-0"]
[WhiteElo "1892"]
[BlackElo "1857"]
[Opening "Alekhine's defense: exchange variation"]
[ECO "B02"]
[Time "11:09:34"]
[TimeControl "2700+45"]

1. e4 Nf6 2. e5 Nd5 3. c4 Nb6 4. d4 d6 5. exd6 exd6 6. Nc3 Be7 7. Bd3 Nc6 8.
Nge2 O-O 9. O-O Nb4 10. Bb1 Bg4 11. f3 Bh5 12. Nf4 Bg6 13. Bxg6 hxg6 14. a3 Nc6
15. d5 Ne5 16. b3 a5 17. a4 Qd7 18. Be3 Bg5 19. Qd2 Qf5 20. g4 Qd7 21. Qd4 Rfe8
22. Ng2 Bf6 23. Qd2 Nexc4 24. bxc4 Nxc4 25. Qd3 Nxe3 26. Nxe3 Qe7 27. Rae1 Qe5
28. Ne4 Bh4 29. Re2 f5 30. Nd2 f4 31. Ndc4 Qe7 32. Qxg6 fxe3 33. Rxe3 Qf8 34.
Rxe8 Rxe8 35. Nxa5 Qf4 36. Qxe8+ {Black resigns} 1-0

[Event "Team 45 45 League T62"]
[Site "Internet Chess Club"]
[Date "2014.09.30"]
[Round "5"]
[White "FourKnights"]
[Black "zap2"]
[Result "1/2-1/2"]
[WhiteElo "1747"]
[BlackElo "1811"]
[Opening "Queen's pawn game"]
[ECO "E10"]
[Time "15:10:55"]
[TimeControl "2700+45"]

1. d4 Nf6 2. c4 e6 3. Nf3 d5 4. e3 c6 5. Bd3 Nbd7 6. O-O Be7 7. Nc3 Qc7 8. Bd2
O-O 9. a3 dxc4 10. Bxc4 b5 11. Bd3 Bb7 12. Rc1 a6 13. Ne4 Rfd8 14. b4 Nxe4 15.
Bxe4 a5 16. Qc2 Nf6 17. Bd3 axb4 18. Bxb4 Bxb4 19. axb4 Nd5 20. Bxh7+ Kh8 21.
Be4 Nxb4 22. Qc5 Qd6 23. Qh5+ Kg8 24. Qh7+ Kf8 25. Qh8+ Ke7 26. Qxg7 Rg8 27. Qe5
f5 28. Bb1 Qxe5 29. Nxe5 {Game drawn by mutual agreement} 1/2-1/2

[Event "Team 45 45 League T62"]
[Site "Internet Chess Club"]
[Date "2014.09.27"]
[Round "5"]
[White "Duguesclin"]
[Black "fireball"]
[Result "1-0"]
[WhiteElo "1740"]
[BlackElo "1645"]
[Opening "Dutch with c4 & Nc3"]
[ECO "A85"]
[Time "15:02:51"]
[TimeControl "2700+45"]

1. d4 f5 2. c4 Nf6 3. Nc3 d6 4. Nf3 g6 5. Bg5 Bg7 6. Qb3 O-O 7. c5+ Kh8 8. Rd1
Nc6 9. e3 h6 10. Bxf6 Bxf6 11. Bd3 a6 12. O-O e5 13. dxe5 Nxe5 14. Be2 Qe7 15.
Nd5 Qf7 16. Nxe5 dxe5 17. Bc4 Qg7 18. Rd2 a5 19. a4 Re8 20. Rfd1 e4 21. Nf4 c6
22. Bf7 Re7 23. Nxg6+ Kh7 24. Nxe7 Bxe7 25. Be6 Bxe6 26. Qxe6 Qf6 27. Qxf6 Bxf6
28. Rd7+ Kg6 29. Rxb7 Rd8 30. Rxd8 Bxd8 31. Rd7 Bf6 32. Rd6 Kf7 33. b3 h5 34. g3
h4 35. gxh4 Bxh4 36. Rxc6 Bf6 37. Ra6 Bc3 38. c6 Ke7 39. c7 Kd7 40. c8=Q+ Kxc8
41. Rc6+ {Black resigns} 1-0

[Event "Team 45 45 League T62"]
[Site "Internet Chess Club"]
[Date "2014.09.28"]
[Round "5"]
[White "DouDou"]
[Black "bobhill"]
[Result "1-0"]
[WhiteElo "1925"]
[BlackElo "1822"]
[Opening "Sicilian: dragon, Yugoslav attack, 10.O-O-O"]
[ECO "B79"]
[Time "22:00:21"]
[TimeControl "2700+45"]

1. e4 c5 2. Nf3 d6 3. d4 cxd4 4. Nxd4 Nf6 5. Nc3 g6 6. Be3 Bg7 7. f3 Nc6 8. Qd2
O-O 9. Bc4 Bd7 10. O-O-O Qa5 11. Bb3 Rfc8 12. Kb1 Ne5 13. h4 Nc4 14. Bxc4 Rxc4
15. Nb3 Qe5 16. Bf4 Qe6 17. Nd4 Rxd4 18. Qxd4 Nh5 19. Qe3 Nxf4 20. Qxf4 Bxc3 21.
bxc3 Qc4 22. Qe3 Be6 23. Qd4 Qxa2+ 24. Kc1 Rc8 25. Kd2 Qa5 26. Ra1 Qh5 27. g4
Qh6+ 28. g5 Qh5 29. Ke2 Rc4 30. Qd3 Rc5 31. Kf2 a6 32. Qd2 d5 33. Ra4 f6 34. Qe3
Rc6 35. Rd4 Rd6 36. exd5 Bxd5 37. Rxd5 Rxd5 38. Qe6+ Kf8 39. Qxd5 h6 40. Qd8+
Kf7 41. Kg2 hxg5 42. Re1 e5 43. Rd1 gxh4 44. Qc7+ {Black resigns} 1-0

[Event "Team 45 45 League T62"]
[Site "Internet Chess Club"]
[Date "2014.09.27"]
[Round "5"]
[White "WillC"]
[Black "hood"]
[Result "1-0"]
[WhiteElo "1738"]
[BlackElo "1924"]
[Opening "Réti opening"]
[ECO "A05"]
[Time "18:06:39"]
[TimeControl "2700+45"]

1. Nf3 Nf6 2. b3 g6 3. Bb2 Bg7 4. e3 O-O 5. Be2 c5 6. O-O Nc6 7. d4 cxd4 8. exd4
d5 9. Nbd2 Bf5 10. a3 Rc8 11. Rc1 Qc7 12. c4 Qd7 13. Ne5 Qd8 14. b4 Nd7 15. Nxc6
bxc6 16. cxd5 cxd5 17. Qa4 Qb6 18. Nf3 Rc7 19. Rxc7 Qxc7 20. Rc1 Qb7 21. Ba6 Qb8
22. Qc6 Nb6 23. Qc7 Na4 24. Ba1 e6 25. Nh4 Bh6 26. Nxf5 Bxc1 27. Ne7+ Kg7 28.
Qxc1 Qd6 29. Nc6 Qc7 30. b5 Nb6 31. Qc5 Re8 32. Ne5 Re7 33. g3 Na4 34. Qxc7 Rxc7
35. Nc6 Kf8 36. Kf1 Nb6 37. Bc3 Ke8 38. Bb4 f6 39. f4 f5 40. Ke2 Kd7 41. Bc5 h6
42. h4 Ke8 43. Nxa7 Rxa7 44. Bxb6 Ra8 45. a4 Kd7 46. Kd3 Rg8 47. Bc5 g5 48. b6
gxh4 49. Bb5+ Kc8 50. Ba6+ Kd7 51. gxh4 h5 52. b7 Rg3+ 53. Kc2 Rg2+ 54. Kb3 Rg3+
55. Kb4 Rg1 56. Ka5 Rb1 57. Ba7 Kc7 58. b8=Q+ Rxb8 59. Bxb8+ Kxb8 60. Be2 Ka7
61. Bxh5 Kb7 62. Bf7 e5 63. fxe5 f4 64. Bxd5+ Ka7 65. h5 f3 66. Bxf3 Kb8 67. h6
Ka7 68. h7 Kb8 69. Kb6 Kc8 70. h8=Q+ Kd7 71. Qg7+ Kd8 72. e6 Ke8 73. Qf7+ Kd8
74. Qd7# {Black checkmated} 1-0

[Event "Team 45 45 League T62"]
[Site "Internet Chess Club"]
[Date "2014.09.28"]
[Round "5"]
[White "joebobpop"]
[Black "misuc56"]
[Result "1-0"]
[WhiteElo "1908"]
[BlackElo "1673"]
[Opening "Sicilian defense"]
[ECO "B32"]
[Time "18:13:06"]
[TimeControl "2700+45"]

1. e4 c5 2. Nf3 Nc6 3. d4 cxd4 4. Nxd4 d6 5. Nc3 g6 6. Be3 Bg7 7. Qd2 Bd7 8. f3
a6 9. g4 Rb8 10. h4 Ne5 11. Be2 Nf6 12. O-O-O b5 13. h5 Nc4 14. Bxc4 bxc4 15.
hxg6 fxg6 16. Kb1 Qc8 17. Rhg1 Qb7 18. Qc1 a5 19. a3 a4 20. Na2 Bc8 21. Nb4 Bd7
22. c3 Qc8 23. Bh6 O-O 24. Bxg7 Kxg7 25. Rh1 Ng8 26. Rh2 e5 27. Nf5+ Bxf5 28.
gxf5 Rxb4 29. cxb4 Rf6 30. Rc2 gxf5 31. Rxc4 Qd8 32. Qg5+ Kh8 33. Rdc1 Rf8 34.
Qxd8 Rxd8 35. Rc8 Rd7 36. R1c7 Rxc7 37. Rxc7 fxe4 38. fxe4 Nf6 39. b5 Nxe4 40.
b6 {Black resigns} 1-0

[Event "Team 45 45 League T62"]
[Site "Internet Chess Club"]
[Date "2014.09.27"]
[Round "5"]
[White "infiniteshug"]
[Black "Jack-ONeill"]
[Result "1/2-1/2"]
[WhiteElo "2167"]
[BlackElo "2072"]
[Opening "French: Tarrasch, open, 4.ed ed"]
[ECO "C08"]
[Time "12:01:00"]
[TimeControl "2700+45"]

1. e4 e6 2. d4 d5 3. Nd2 c5 4. exd5 exd5 5. Ngf3 Nf6 6. Bb5+ Bd7 7. Bxd7+ Nbxd7
8. O-O Be7 9. Re1 O-O 10. Nf1 Re8 11. Ng3 Qb6 12. b3 cxd4 13. Nxd4 Bb4 14. Rxe8+
Rxe8 15. Be3 Ne5 16. a3 Bf8 17. h3 Nc6 18. Ne6 Qa5 19. b4 Qa4 20. Nxf8 Rxf8 21.
Nf5 a5 22. Bc5 Rd8 23. Qf3 Qxc2 24. Re1 axb4 25. axb4 Qd2 26. Re2 Qc1+ 27. Kh2
Qb1 28. Qf4 Ne4 29. Bb6 Ra8 30. f3 Nc3 31. Qg5 g6 32. Nh6+ Kg7 33. Re7 Rf8 34.
Rc7 Qxb4 35. Nf5+ Kg8 36. Nh6+ Kg7 37. Ng4 Qd6+ 38. g3 Na4 39. Rd7 Qe6 40. Bc7
Qe2+ 41. Kg1 Qe1+ 42. Kg2 Qe2+ 43. Kg1 Qe1+ 44. Kg2 Qe2+ 45. Kg1 Qe1+ {Game
drawn by repetition} 1/2-1/2

[Event "Team 45 45 League T62"]
[Site "Internet Chess Club"]
[Date "2014.09.26"]
[Round "5"]
[White "Ptzz"]
[Black "seikster"]
[Result "1/2-1/2"]
[WhiteElo "2047"]
[BlackElo "1808"]
[Opening "English, 1...Nf6 (Anglo-Indian defense)"]
[ECO "A15"]
[Time "13:03:26"]
[TimeControl "2700+45"]

1. c4 Nf6 2. g3 c5 3. Bg2 g6 4. Nc3 Bg7 5. a3 Nc6 6. Rb1 d6 7. b4 O-O 8. Nf3 Be6
9. d3 Qc8 10. Ng5 Bg4 11. Be3 h6 12. Nge4 Nxe4 13. Nxe4 Nd4 14. Bxd4 Bxd4 15.
Qd2 Bg7 16. O-O Rb8 17. Rfe1 b6 18. Nc3 Rd8 19. Nd5 Re8 20. Ne3 Bd7 21. b5 e6
22. a4 Qc7 23. Rb3 Bc8 24. Rc1 Bb7 25. Rc2 Rbd8 26. Bxb7 Qxb7 27. Ra2 h5 28. a5
d5 29. axb6 axb6 30. Rba3 Ra8 31. Ra6 Bh6 32. Qc2 h4 33. Qa4 Rac8 34. Ra7 Qb8
35. Ng4 Bg7 36. Qa6 hxg3 37. hxg3 Rc7 38. Ra8 Qxa8 39. Qxa8 Rxa8 40. Rxa8+ Kh7
41. Rb8 dxc4 42. dxc4 Ra7 43. Rxb6 Ra4 44. Ne3 Bd4 45. Rc6 Bxe3 46. fxe3 Rxc4
47. Kf2 Kg7 48. Ke1 Kf6 49. Kd2 Ke5 50. Kd3 Rc1 51. Rc7 f5 52. b6 Rb1 53. b7 Kd6
54. Rg7 Rb3+ 55. Kc4 Rb4+ 56. Kc3 Kd5 57. Rd7+ Kc6 58. Re7 Kd6 59. Rg7 Kd5 60.
Rd7+ {Game drawn by mutual agreement} 1/2-1/2

[Event "Team 45 45 League T62"]
[Site "Internet Chess Club"]
[Date "2014.09.28"]
[Round "5"]
[White "RobertStephen"]
[Black "Tobiasdelmonte"]
[Result "1-0"]
[WhiteElo "1933"]
[BlackElo "1844"]
[Opening "Alekhine's defense: exchange variation"]
[ECO "B02"]
[Time "16:00:27"]
[TimeControl "2700+45"]

1. e4 Nf6 2. e5 Nd5 3. c4 Nb6 4. d4 d6 5. exd6 exd6 6. Nc3 Nc6 7. Be2 Be7 8. Nf3
Bg4 9. h3 Bh5 10. O-O O-O 11. Re1 Bxf3 12. Bxf3 Bf6 13. c5 dxc5 14. Bxc6 bxc6
15. dxc5 Qxd1 16. Rxd1 Nc4 17. Ne4 Bxb2 18. Bxb2 Nxb2 19. Rd7 Rfe8 20. f3 f5 21.
Ng3 Re5 22. Rxc7 Rxc5 23. Nh5 Re8 24. Rxg7+ Kf8 25. Rxh7 Re2 26. Nf4 Rd2 27. Re1
Rcc2 28. Ree7 Rd1+ 29. Kh2 Rd6 30. Rxa7 Kg8 31. Rag7+ Kf8 32. Nh5 {Black
resigns} 1-0

[Event "Team 45 45 League T62"]
[Site "Internet Chess Club"]
[Date "2014.09.29"]
[Round "5"]
[White "Holzschlange"]
[Black "zap2"]
[Result "1/2-1/2"]
[WhiteElo "1803"]
[BlackElo "1814"]
[Opening "English opening"]
[ECO "A05"]
[Time "08:08:38"]
[TimeControl "2700+45"]

1. Nf3 Nf6 2. c4 d6 3. Nc3 Nbd7 4. g3 g6 5. Bg2 Bg7 6. O-O O-O 7. Rb1 e5 8. d3
Re8 9. Qc2 c6 10. Nd2 Nf8 11. b4 Ne6 12. e3 Nh5 13. b5 Bd7 14. Nde4 Qc7 15. Ba3
Bf8 16. g4 f5 17. gxh5 fxe4 18. Nxe4 Be7 19. hxg6 hxg6 20. Rfc1 Kg7 21. c5 d5
22. Nd6 Rf8 23. b6 Qb8 24. bxa7 Rxa7 25. Rb3 {Game drawn by mutual agreement}
1/2-1/2

[Event "Team 45 45 League T62"]
[Site "Internet Chess Club"]
[Date "2014.09.28"]
[Round "5"]
[White "Monterrey"]
[Black "xwang1"]
[Result "0-1"]
[WhiteElo "2016"]
[BlackElo "2015"]
[Opening "King's Indian: fianchetto with ...Nc6"]
[ECO "E62"]
[Time "19:08:16"]
[TimeControl "2700+45"]

1. d4 Nf6 2. Nf3 g6 3. g3 Bg7 4. Bg2 d6 5. c4 O-O 6. Nc3 Nc6 7. O-O Rb8 8. d5
Na5 9. Nd2 c5 10. Qc2 a6 11. b3 b5 12. Bb2 bxc4 13. bxc4 Bh6 14. e3 Bf5 15. Nce4
Nxe4 16. Bxe4 Bxe4 17. Nxe4 Nxc4 18. Qxc4 Rxb2 19. Qxa6 f5 20. Qa3 Qb6 21. Nc3
Bg7 22. Rfc1 Rb8 23. Qa4 Qb7 24. Qd1 Qb4 25. a3 Qa5 26. Ne2 Rd2 27. Qe1 Bxa1 28.
Rxa1 Rbb2 29. Nf4 Qa4 30. Rb1 Rxb1 {White resigns} 0-1

[Event "Team 45 45 League T62"]
[Site "Internet Chess Club"]
[Date "2014.09.28"]
[Round "5"]
[White "jjimalo"]
[Black "LiangLiang"]
[Result "1/2-1/2"]
[WhiteElo "1912"]
[BlackElo "1904"]
[Opening "King's Indian: fianchetto without c4"]
[ECO "E67"]
[Time "12:00:12"]
[TimeControl "2700+45"]

1. d4 Nf6 2. Nf3 g6 3. g3 Bg7 4. Bg2 O-O 5. O-O d6 6. c4 Nbd7 7. Nc3 c5 8. d5
Nb6 9. Qd3 Bg4 10. h3 Bxf3 11. Bxf3 Nfd7 12. b3 Ne5 13. Qe3 a5 14. Bg2 a4 15.
Bb2 Nbxc4 16. bxc4 Nxc4 17. Qf4 Nxb2 18. Rac1 Qa5 19. Ne4 a3 20. h4 Qb4 21. h5
Qd4 22. e3 Qe5 23. hxg6 fxg6 24. Qh4 Bf6 25. Nxf6+ Qxf6 26. Qg4 b5 27. e4 Nd3
28. Rc2 Ne5 29. Qe2 Nf3+ 30. Bxf3 Qxf3 31. Qxb5 Qxe4 32. Re2 Qxd5 33. Rxe7 Rf7
34. Re2 Raf8 35. Qa6 Qf3 36. Rd2 Rf5 37. Rd3 Qe4 38. Qxd6 Rh5 39. f3 Qe2 40. Rd2
Rh1+ 41. Kxh1 Qxf1+ 42. Kh2 Qxf3 43. Qxc5 Rf5 44. Rd8+ Kg7 45. Rd7+ Kh6 46. Qc1+
Rg5 47. Rxh7+ Kxh7 48. Qxg5 Qe2+ 49. Kh3 Qe6+ 50. g4 Qe1 51. Qd5 {Game drawn by
mutual agreement} 1/2-1/2

[Event "Team 45 45 League T62"]
[Site "Internet Chess Club"]
[Date "2014.09.26"]
[Round "5"]
[White "arhrid"]
[Black "gyu123987kool"]
[Result "1-0"]
[WhiteElo "1790"]
[BlackElo "1616"]
[Opening "Ruy Lopez: 5.O-O"]
[ECO "C78"]
[Time "16:01:42"]
[TimeControl "2700+45"]

1. e4 e5 2. Nf3 Nc6 3. Bb5 a6 4. Ba4 Nf6 5. O-O b5 6. Bb3 Bc5 7. d3 d6 8. h3 h6
9. a4 Rb8 10. axb5 axb5 11. c3 O-O 12. Re1 Be6 13. Bc2 Bd7 14. b4 Bb6 15. Qe2
Nh5 16. Nxe5 Nxe5 17. Qxh5 Qf6 18. d4 Nc4 19. Nd2 c5 20. Nxc4 bxc4 21. e5 dxe5
22. dxe5 Qe7 23. b5 Bxb5 24. Bxh6 gxh6 25. Qf5 f6 26. exf6 Rxf6 27. Rxe7 Rxf5
28. Bxf5 Bd8 29. Be6+ Kh8 30. Rf7 Be8 31. Rf8+ {Black resigns} 1-0

[Event "Team 45 45 League T62"]
[Site "Internet Chess Club"]
[Date "2014.09.26"]
[Round "5"]
[White "xwang1"]
[Black "NFork"]
[Result "1/2-1/2"]
[WhiteElo "1997"]
[BlackElo "2198"]
[Opening "Sicilian: Canal-Sokolsky (Nimzovich-Rossolimo, Moscow) attack"]
[ECO "B51"]
[Time "15:09:50"]
[TimeControl "2700+45"]

1. e4 c5 2. Nf3 d6 3. Bb5+ Nd7 4. c3 Nf6 5. Qe2 e6 6. O-O Be7 7. d4 a6 8. Bd3 e5
9. d5 b5 10. b3 Nb6 11. a4 bxa4 12. bxa4 c4 13. Bc2 a5 14. Na3 Ba6 15. Rb1 Nfd7
16. Be3 f5 17. Bxb6 Nxb6 18. exf5 Nxd5 19. Qd2 Nc7 20. Rfd1 O-O 21. Qe3 Qc8 22.
Qe4 d5 23. Rxd5 Nxd5 24. Qxd5+ Kh8 25. Nb5 Bb7 26. Qxe5 Bxf3 27. Qxe7 Bc6 28.
Nd6 Qd7 29. Qxd7 Bxd7 30. Be4 Rab8 31. Rxb8 Rxb8 32. Nxc4 Rc8 33. Nxa5 Rxc3 34.
g4 Bxa4 35. Kg2 Kg8 36. f3 Kf7 37. Nb7 Ke7 38. g5 Bc2 39. Bxc2 Rxc2+ 40. Kg3 Kd7
41. Kf4 Rxh2 42. Nc5+ Ke7 43. Ne4 Kf7 44. Nd6+ Ke7 45. Ne4 Kf8 46. Kg3 Rh1 47.
Kg2 Ra1 48. Kg3 Rg1+ 49. Kf2 Rd1 50. Kg3 Kf7 51. Kf4 Rd5 52. Nc3 Ra5 53. Ne4 Ra4
54. Ke5 Ra5+ 55. Kf4 Ra4 56. Ke5 Ra5+ 57. Kf4 Ra4 {Game drawn by repetition}
1/2-1/2

[Event "Team 45 45 League T62"]
[Site "Internet Chess Club"]
[Date "2014.09.29"]
[Round "5"]
[White "Epcot"]
[Black "gump12345"]
[Result "1-0"]
[WhiteElo "2113"]
[BlackElo "2018"]
[Opening "King's Indian: fianchetto with ...Nc6"]
[ECO "E62"]
[Time "22:07:39"]
[TimeControl "2700+45"]

1. d4 Nf6 2. c4 g6 3. g3 Bg7 4. Bg2 O-O 5. Nc3 d6 6. Nf3 Nc6 7. O-O Rb8 8. h3 a6
9. e4 b5 10. cxb5 axb5 11. Re1 Nd7 12. Bg5 h6 13. Be3 b4 14. Na4 Ba6 15. b3 Na7
16. Rc1 Nb5 17. Qd2 Kh7 18. Bf1 Qc8 19. Qc2 Qb7 20. Qc6 Nf6 21. e5 Nd5 22. Bd2
dxe5 23. Qxb7 Rxb7 24. Nc5 Nxd4 25. Nxd4 exd4 26. Bxa6 Ra7 27. Rc4 Rb8 28. Rc2
e5 29. Bc4 c6 30. Bxd5 cxd5 31. Nd3 {Black resigns} 1-0

[Event "Team 45 45 League T62"]
[Site "Internet Chess Club"]
[Date "2014.09.26"]
[Round "5"]
[White "Happybear"]
[Black "MeWantCookie"]
[Result "0-1"]
[WhiteElo "1830"]
[BlackElo "2070"]
[Opening "Sicilian: closed, 6.Be3"]
[ECO "B26"]
[Time "12:06:51"]
[TimeControl "2700+45"]

1. e4 c5 2. Nc3 g6 3. g3 Bg7 4. Bg2 Nc6 5. d3 d6 6. Be3 Nf6 7. h3 O-O 8. Nge2
Ne8 9. O-O Nd4 10. g4 Bd7 11. f4 e6 12. a4 f5 13. Ng3 fxg4 14. hxg4 Qh4 15. Bf2
Rxf4 16. Nge2 Rxf2 17. Rxf2 Nf6 18. Bf3 Bh6 19. Kg2 Be3 20. Rf1 Nxg4 21. Bxg4
Qxg4+ 22. Ng3 Qh4 23. e5 Bc6+ 24. Nce4 Bf4 25. Rxf4 Qxf4 26. exd6 Rf8 27. c3 Nf5
28. Qf3 Nh4+ {White resigns} 0-1

[Event "Team 45 45 League T62"]
[Site "Internet Chess Club"]
[Date "2014.09.29"]
[Round "5"]
[White "f5"]
[Black "charles-allen"]
[Result "1-0"]
[WhiteElo "2096"]
[BlackElo "1884"]
[Opening "Petrov three knights game"]
[ECO "C42"]
[Time "15:00:29"]
[TimeControl "2700+45"]

1. e4 e5 2. Nf3 Nf6 3. Nc3 Bb4 4. Bc4 O-O 5. O-O d6 6. d3 c6 7. Bg5 Be6 8. Bb3
Nbd7 9. Ne2 Nc5 10. c3 Nxb3 11. axb3 Bc5 12. b4 Bb6 13. Ng3 Qe7 14. Nh4 Bd8 15.
f4 exf4 16. Rxf4 Qd7 17. Nhf5 Bxf5 18. Nxf5 Ne8 19. Qg4 Qe6 20. Bxd8 Rxd8 21.
Rxa7 Rd7 22. Rf1 Kh8 23. Ra8 g6 24. Nh6 Qxg4 25. Nxg4 Kg7 26. Rb8 d5 27. e5 f6
28. exf6+ Nxf6 29. Rxf8 {Black resigns} 1-0

[Event "Team 45 45 League T62"]
[Site "Internet Chess Club"]
[Date "2014.09.28"]
[Round "5"]
[White "Barrett-CCSCSL"]
[Black "Enzo25"]
[Result "1/2-1/2"]
[WhiteElo "2132"]
[BlackElo "2125"]
[Opening "QGD Slav: 4.e3 Bf5"]
[ECO "D12"]
[Time "16:00:23"]
[TimeControl "2700+45"]

1. d4 Nf6 2. Nf3 d5 3. c4 c6 4. e3 Bf5 5. Nbd2 e6 6. Be2 Nbd7 7. O-O Bd6 8. Nh4
Bg6 9. f4 Be4 10. Nxe4 Nxe4 11. Nf3 f5 12. Qc2 O-O 13. a3 g5 14. Bd3 g4 15. Bxe4
dxe4 16. Ne5 Bxe5 17. dxe5 Nc5 18. Rd1 Nd3 19. Bd2 Qb6 20. b4 Rad8 21. c5 Qc7
22. Be1 Qe7 23. g3 Rd5 24. Bc3 h5 25. Qg2 Kh7 26. h3 gxh3 27. Qxh3 Kg6 28. Rd2
Rh8 29. Qh4 Qd8 30. Rg2 Rg8 31. Kh2 Kh6 32. Rh1 Qxh4+ 33. gxh4 Rxg2+ 34. Kxg2
Rd7 35. Ra1 Rg7+ 36. Kh2 Rg4 37. Kh3 Nf2+ 38. Kh2 Rg7 39. Bd4 Rd7 40. Rf1 Nd3
41. Kg3 Rd8 42. Kh2 a6 43. Kg2 Kh7 44. Kg3 Kh6 45. Kg2 Rd7 46. Kg3 Rg7+ 47. Kh2
Rd7 48. Kg3 Rd8 49. Kg2 {Game drawn by repetition} 1/2-1/2

[Event "Team 45 45 League T62"]
[Site "Internet Chess Club"]
[Date "2014.09.28"]
[Round "5"]
[White "seikster"]
[Black "Pomberito"]
[Result "0-1"]
[WhiteElo "1803"]
[BlackElo "2110"]
[Opening "Sicilian: dragon, Yugoslav attack, 10.O-O-O"]
[ECO "B78"]
[Time "13:55:35"]
[TimeControl "2700+45"]

1. e4 c5 2. Nf3 d6 3. d4 cxd4 4. Nxd4 Nf6 5. Nc3 g6 6. Be3 Bg7 7. Bc4 O-O 8. f3
Nc6 9. Qd2 Bd7 10. O-O-O Rc8 11. Bb3 Ne5 12. Kb1 Re8 13. h4 h5 14. Bh6 Nc4 15.
Bxc4 Rxc4 16. Bxg7 Kxg7 17. g4 hxg4 18. h5 Rh8 19. hxg6 fxg6 20. f4 Rxh1 21.
Rxh1 Qb6 22. f5 Ng8 23. Nb3 d5 24. Qxd5 Qc6 25. Qe5+ Qf6 26. Qh2 gxf5 27. Nd5
Qg5 28. Qe5+ Kf8 29. Nd4 Qg7 30. Ne6+ Bxe6 31. Qxe6 Qf7 32. exf5 Qxe6 33. fxe6
Re4 34. Rf1+ Kg7 35. Kc1 Rxe6 36. Nf4 Rd6 37. Nh5+ Kh6 38. Ng3 Kg6 39. Rf8 Nf6
40. Rb8 Rd7 41. Ra8 a6 42. Rc8 Kg5 43. Rc3 Kf4 44. Ne2+ Ke4 45. Ng3+ Ke5 46. Ne2
Ne4 47. Re3 Kf5 48. b3 e5 49. Rd3 Rh7 50. Rd8 Rh2 51. Rf8+ Ke6 {White resigns}
0-1

[Event "Team 45 45 League T62"]
[Site "Internet Chess Club"]
[Date "2014.09.27"]
[Round "5"]
[White "junard"]
[Black "PoisonPawn"]
[Result "1-0"]
[WhiteElo "2045"]
[BlackElo "2071"]
[Opening "QGD semi-Slav"]
[ECO "D43"]
[Time "07:22:33"]
[TimeControl "2700+45"]

1. d4 d5 2. Nf3 Nf6 3. c4 c6 4. Nc3 e6 5. cxd5 exd5 6. Bg5 h6 7. Bh4 Bf5 8. e3
Nbd7 9. Bd3 Bxd3 10. Qxd3 Be7 11. O-O O-O 12. a3 a5 13. Rac1 Ne4 14. Bxe7 Qxe7
15. Rfe1 Rfe8 16. h3 Qd6 17. Qc2 Kh8 18. b4 axb4 19. axb4 Qxb4 20. Nxe4 dxe4 21.
Nd2 Nf6 22. Rb1 Qe7 23. Rb2 Rac8 24. Qb1 Rc7 25. Rc1 Nd5 26. Nc4 f5 27. Ne5 Kh7
28. Rc5 Qd6 29. Nc4 Qe7 30. Ne5 Rec8 31. Rbc2 g6 32. Rc1 Nf6 33. R5c3 Nd5 34.
Rc5 Nf6 35. R5c3 c5 36. Qb6 Qg7 37. Rxc5 Rxc5 38. Rxc5 Rxc5 39. dxc5 Nd7 40.
Nxd7 Qxd7 41. Qd6 Qc6 42. Qe7+ Kg8 43. g4 fxg4 44. hxg4 Qd5 45. Kg2 Qg5 46. Qe8+
Kg7 47. Qd7+ Kf8 48. Qc8+ Ke7 49. Qxb7+ Kf6 50. Qc6+ Kf7 51. Qb7+ Kf6 52. Qxe4
Qxc5 53. Qd4+ Qxd4 54. exd4 Ke6 55. f4 h5 56. gxh5 gxh5 57. Kg3 Kd5 58. f5 Kd6
59. Kh4 Ke7 60. Kxh5 Kf6 61. Kg4 {Black resigns} 1-0

[Event "Team 45 45 League T62"]
[Site "Internet Chess Club"]
[Date "2014.09.28"]
[Round "5"]
[White "smyslovVchess"]
[Black "Baseta"]
[Result "0-1"]
[WhiteElo "1799"]
[BlackElo "1859"]
[Opening "French: advance, Paulsen attack"]
[ECO "C02"]
[Time "14:00:24"]
[TimeControl "2700+45"]

1. e4 e6 2. d4 d5 3. e5 c5 4. c3 Nc6 5. Nf3 Nge7 6. a3 c4 7. g3 Bd7 8. Bg2 Na5
9. Nbd2 Bc6 10. Rb1 Qd7 11. b4 cxb3 12. Nxb3 Ba4 13. Nfd2 Rc8 14. Qf3 Nec6 15.
O-O Bxb3 16. Nxb3 Nxb3 17. Rxb3 Na5 18. Rb1 Qc7 19. Bb2 Nc4 20. Ba1 Nd2 21. Qd3
Nxf1 22. Bxf1 a6 23. a4 Be7 24. Be2 O-O 25. Bd1 Rb8 26. f4 Qc4 27. Qd2 b5 28.
Be2 Qc6 29. axb5 axb5 30. Bd3 Rfc8 31. f5 exf5 32. Bxf5 Rc7 33. Re1 g6 34. Bd3
b4 35. Rc1 bxc3 36. Rxc3 Qb6 37. Rc1 Rxc1+ 38. Qxc1 Ra8 39. Bb2 Ra2 40. Bc3
{White resigns} 0-1

[Event "Team 45 45 League T62"]
[Site "Internet Chess Club"]
[Date "2014.09.29"]
[Round "5"]
[White "frank001"]
[Black "kllrchris"]
[Result "1-0"]
[WhiteElo "1760"]
[BlackElo "1732"]
[Opening "Blackmar-Diemer: Euwe defense"]
[ECO "D00"]
[Time "23:00:00"]
[TimeControl "2700+45"]

1. Nc3 Nf6 2. d4 d5 3. e4 dxe4 4. f3 exf3 5. Nxf3 e6 6. Bg5 Be7 7. Qd2 O-O 8.
Bd3 c5 9. Qf4 cxd4 10. Qh4 dxc3 11. Bxf6 Qxd3 12. cxd3 Bxf6 13. Qc4 cxb2 14. Rb1
Nc6 15. O-O Rd8 16. Qe4 a5 17. a3 Ra6 18. h4 Nd4 19. Ng5 Nf5 20. Rfe1 Rad6 21.
g4 Rd4 22. gxf5 Rxe4 23. dxe4 exf5 24. e5 Be7 25. Rxb2 Bxa3 26. Rb5 Bb4 27. Rc1
b6 28. Kg2 Bb7+ 29. Kg3 f4+ 30. Kg4 Bc8+ 31. Kf3 Bb7+ 32. Kg4 g6 33. Rc7 h5+ 34.
Kxf4 Bd2+ 35. Kg3 Be1+ 36. Kf4 Bd2+ 37. Kg3 Rd3+ 38. Kf2 Ba6 39. Rb2 Be3+ 40.
Kg2 a4 41. e6 Bxg5 42. exf7+ Kf8 43. hxg5 a3 44. Rxb6 {Black resigns} 1-0

[Event "Team 45 45 League T62"]
[Site "Internet Chess Club"]
[Date "2014.09.25"]
[Round "5"]
[White "Jyzzslynggur"]
[Black "olivermx"]
[Result "1-0"]
[WhiteElo "1690"]
[BlackElo "1360"]
[Opening "Four knights: Scotch variation"]
[ECO "C47"]
[Time "22:00:39"]
[TimeControl "2700+45"]

1. e4 e5 2. Nf3 Nc6 3. Nc3 Nf6 4. d4 d6 5. dxe5 dxe5 6. Qxd8+ Nxd8 7. Nxe5 Bd6
8. Nc4 Nc6 9. Nxd6+ cxd6 10. Bg5 Ng4 11. Bb5 O-O 12. O-O Be6 13. Rad1 f6 14.
Rxd6 fxg5 15. Bxc6 Bc4 16. Bd5+ Bxd5 17. Rxd5 h6 18. e5 Rae8 19. Re1 Kh7 20. f3
Rxe5 21. Rexe5 Nxe5 22. Rxe5 Rd8 23. Nd5 Rc8 24. Nc3 Rd8 25. Rd5 Re8 26. Ne4 Rc8
27. Rd2 Re8 28. Rd7 Rc8 29. c3 Rb8 30. c4 a6 31. b4 b6 32. a3 a5 33. b5 Rc8 34.
Nd6 Rc5 35. Rb7 Re5 36. Kf2 Re6 37. Rxb6 Rf6 38. c5 g4 39. Ne4 Rf8 40. c6 Rc8
41. Rb7 gxf3 42. gxf3 a4 43. Rd7 Rb8 44. c7 Rxb5 45. c8=Q Rb2+ 46. Rd2 Rb5 47.
Qd7 Re5 48. Rd1 {Black resigns} 1-0